 Dungeon Crawl Stone Soup version 0.19.4-8-ga85b6b9 (webtiles) character file.

253 doot the Digger (level 6, -1/46 HPs)
             Began as a Ghoul Earth Elementalist on Feb 11, 2017.
             Was a Follower of Dithmenos.
             Slain by an adder (4 damage)
             ... on level 4 of the Dungeon.
             The game lasted 00:14:03 (4104 turns).

doot the Digger (Ghoul Earth Elementalist)          Turns: 4104, Time: 00:14:03

Health: -1/46      AC:  6    Str: 12    XL:     6   Next: 14%
Magic:  1/9        EV: 11    Int: 12    God:    Dithmenos [*.....]
Gold:   126        SH:  0    Dex:  9    Spells: 2 memorised, 6 levels left

rFire  . . .     SeeInvis .     i - +0 dagger
rCold  + . .     Gourm    .     g - +0 ring mail (curse)
rNeg   + + +     Faith    .     (no shield)
rPois  ∞         Spirit   .     (no helmet)
rElec  .         Reflect  .     r - +0 cloak
rCorr  .         Harm     .     (no gloves)
MR     .....     Rnd*Tele +     (no boots)
Stlth  +.........               (no amulet)
                                w - +1 ring of evasion
                                u - ring of teleportation (curse)

@: about to teleport, rotting, wreathed by umbra
A: rotting body, claws 1, carnivore 3, cold resistance 1, negative energy
resistance 3, slow regeneration 1, torment resistance, unbreathing
a: Renounce Religion


You were on level 4 of the Dungeon.
You worshipped Dithmenos.
Dithmenos was aware of your devotion.
You were not hungry.

You visited 1 branch of the dungeon, and saw 4 of its levels.

You collected 126 gold pieces.

Inventory:

Hand Weapons
 i - a +0 dagger (weapon)
 o - a +0 arbalest
Missiles
 b - 75 stones (quivered)
Armour
 c - a +0 robe
 g - a cursed +0 ring mail (worn)
 h - a +2 ring mail of cold resistance
 r - a +0 cloak (worn)
Jewellery
 u - a cursed ring of teleportation (left claw)
 w - a +1 ring of evasion (right claw)
Scrolls
 a - 5 scrolls of identify
 n - a scroll of remove curse {unknown}
 p - a scroll of enchant armour
 s - a scroll of enchant weapon {unknown}
Potions
 k - a potion of degeneration {unknown}
 l - a potion of lignification {unknown}
 v - a potion of invisibility
Books
 e - a book of Geomancy

   Spells                             Type                      Level
   a - Sandblast                      Earth                        1
   b - Passwall                       Transmutation/Earth          2
   c - Stone Arrow                    Conjuration/Earth            3
   d - Petrify                        Transmutation/Earth          4
   e - Lee's Rapid Deconstruction     Earth                        5
Comestibles
 d - 2 meat rations
 q - a slice of pizza


   Skills:
 + Level 0.4 Fighting
 + Level 1.0 Short Blades
 + Level 0.8 Armour
 + Level 2.0 Dodging
 + Level 2.2 Stealth
 + Level 0.4 Unarmed Combat
 + Level 2.9 Spellcasting
   Level 0.8 Transmutations
 * Level 5.9 Earth Magic


You had 6 spell levels left.
You knew the following spells:

 Your Spells              Type           Power        Failure   Level  Hunger
a - Sandblast             Erth           ###...       6%          1    #......
b - Stone Arrow           Conj/Erth      #.....       56%         3    ###....


Dungeon Overview and Level Annotations

Branches:
Dungeon (4/15)
 Temple: D:4-7

Altars:
Dithmenos
Hepliaklqana
Qazlal

Shops:
D:4 (

Annotations:
D:4 Exporg's ghost, amateur MiMo


Innate Abilities, Weirdness & Mutations

Your body is rotting away.
You thrive on raw meat.
You are immune to poison.
You have sharp fingernails.
You are carnivorous and can eat meat at any time.
Your flesh is cold resistant. (rC+)
You are immune to negative energy. (rN+++)
You regenerate slowly when monsters are visible.
You are immune to unholy pain and torment.
You can survive without breathing.


Message History

An orc wizard and a skeleton come into view.
An adder comes into view.
Exporg's ghost (amateur Minotaur Monk) comes into view.
It is wielding a weapon of chaos.
An orc wizard comes into view. It is wielding a dagger.
Your magical contamination has completely faded away.
The adder hisses angrily.
The adder barely misses you.
As you read the scroll of teleportation, it crumbles to dust.
You feel strangely unstable. The adder bites you.
* * * LOW HITPOINT WARNING * * *
The hound skeleton barely misses you.
Casting: Sandblast
Confirm with . or Enter, or press ? or * to list all spells.
Aiming: Sandblast
Press: ? - help, Shift-Dir - straight line, f - adder
Aim: an adder (umbra)
The blast of sand misses the adder.
The adder barely misses you.
The hound skeleton bites you but does no damage.
The adder bites you.
You die...

# # .#. # #
#.###. #. #....
#.. #..#
#.##...#####..#
#.##...S@Zo.o.#
#.##..######..#
#.## #..# #.#
#..oo.oo. #.#
#.###.##.
##.###.#...>...
..
#...........W..
.#
#a######.#.#####
# #.########.#


You could see an orc priest, an orc wizard, an adder and a hound skeleton.

Vanquished Creatures
  A scorpion (D:4)
  2 worker ants
  7 adders
  2 oozes
  3 worms
  3 dart slugs
  4 leopard geckos
  An orc (D:3)
  5 giant cockroaches
  5 goblins
  7 hobgoblins
  10 kobolds
  A quokka (D:2)
  5 bats
  4 frilled lizards
  7 rats
67 creatures vanquished.

Notes
Turn   | Place    | Note
-------+----------+-------------------------------------------
     0 | D:1      | doot the Ghoul Earth Elementalist began the quest for the Orb.
     0 | D:1      | Reached XP level 1. HP: 14/14 MP: 2/2
   185 | D:1      | Reached XP level 2. HP: 14/20 MP: 0/3
   487 | D:1      | Reached skill level 4 in Earth Magic
   666 | D:1      | Reached XP level 3. HP: 26/26 MP: 0/4
   965 | D:1      | Learned a level 3 spell: Stone Arrow
  1588 | D:2      | Reached XP level 4. HP: 22/32 MP: 2/6
  1712 | D:2      | Found a faded altar of an unknown god.
  1814 | D:2      | Became a worshipper of Dithmenos the Shadowed
  1814 | D:2      | Reached * piety under Dithmenos
  2059 | D:2      | Found a hazy altar of Hepliaklqana.
  2909 | D:3      | Reached XP level 5. HP: 22/38 MP: 2/7
  3045 | D:3      | Found a stormy altar of Qazlal.
  3161 | D:3      | Reached skill level 5 in Earth Magic
  3771 | D:4      | Noticed a black bear
  3830 | D:4      | Reached skill level 1 in Short Blades
  3880 | D:4      | Reached XP level 6. HP: 20/45 MP: 0/9
  4050 | D:4      | Found Uhaogier's Antique Weapon Emporium.
  4099 | D:4      | Noticed Exporg's ghost (amateur MiMo)
  4104 | D:4      | Slain by an adder

Skill      XL: |  1  2  3  4  5 |
---------------+----------------+-----
Earth Magic    | 4 5 |  5.9
Spellcasting   | 2 |  2.9
Dodging        | 2 |  2.0
Short Blades   | 1 |  1.0
Fighting       | |  0.4
Armour         | |  0.8
Stealth        | |  2.2
Unarmed Combat | |  0.4
Transmutations | |  0.8

Action                   |  1- 3 |  4- 6 || total
-------------------------+-------+-------++-------
Melee: Unarmed           |    30 |       ||    30
       Dagger            |    58 |   126 ||   184
       Punch             |     1 |       ||     1
 Cast: Sandblast         |    54 |    92 ||   146
  Use: Scroll            |     2 |     2 ||     4
       Potion            |       |     4 ||     4
 Stab: Invisible         |       |     2 ||     2
  Eat: Chunk             |     8 |    12 ||    20
Armor: Robe              |     3 |       ||     3
       Ring mail         |    44 |    47 ||    91
Dodge: Dodged            |    72 |   118 ||   190
